 Dungeon Crawl Stone Soup version 0.31-a0-431-g88bdf31460 (webtiles) character file.

Game seed: 4508154296444271009

6134 cforsyth the Prestidigitator (level 10, -8/77 HPs)
             Began as a Gnoll Artificer on Aug 1, 2023.
             Was an Initiate of Hepliaklqana.
             Killed from afar by an acid dragon (20 damage)
             ... with a splash of acid
             ... on level 9 of the Dungeon.
             The game lasted 00:24:40 (12820 turns).

cforsyth the Prestidigitator (Gnoll Artificer)     Turns: 12820, Time: 00:24:40

Health: -8/77      AC: 15    Str: 14    XL:     10   Next: 89%
Magic:  18/18      EV:  9    Int: 12    God:    Hepliaklqana [......]
Gold:   674        SH:  5    Dex: 13    Spells: 20/20 levels left

rFire   . . .        F - +5 mace
rCold   . . .        (no shield)
rNeg    . . .        I - +0 chain mail
rPois   .            G - +0 helmet
rElec   .            L - +1 cloak
rCorr   .            (no gloves)
SInv    .            H - +0 pair of boots
Will    +....        g - amulet of reflection
Stlth   +            r - ring of willpower
HPRegen 0.32/turn    (no ring)
MPRegen 0.16/turn

%: reflection
@: no status effects
A: fangs 1, strong nose, distributed training
a: Renounce Religion


You were on level 9 of the Dungeon.
You worshipped Hepliaklqana.
Hepliaklqana was noncommittal.
You visited 2 branches of the dungeon, and saw 10 of its levels.
You also visited: Sewer.

You collected 674 gold pieces.

Inventory:

Hand Weapons
 s - a +1 flail of holy wrath
 D - a +0 hand axe of freezing
 E - a +1 dagger of protection
 F - a +5 mace (weapon)
 N - a +3 flail
Missiles
 z - 3 poisoned darts
 O - a throwing net
Armour
 G - a +0 helmet (worn)
 H - a +0 pair of boots (worn)
 I - a +0 chain mail (worn)
 L - a +1 cloak (worn)
Jewellery
 g - an amulet of reflection (around neck)
 k - a ring of see invisible
 r - a ring of willpower (left hand)
 B - a ring of fire
Wands
 c - a wand of flame (46) (quivered)
 d - a wand of charming (23)
 e - a wand of iceblast (1)
 K - a wand of mindburst (9)
 Q - a wand of quicksilver (1)
Scrolls
 f - 2 scrolls of poison
 h - a scroll of torment {unknown}
 j - a scroll of fog {unknown}
 m - 4 scrolls of vulnerability {unknown}
 n - 3 scrolls of teleportation
 o - 2 scrolls of enchant armour {unknown}
 p - 2 scrolls of revelation {unknown}
 q - a scroll of summoning {unknown}
 w - a scroll of enchant weapon {unknown}
 x - a scroll of fear
 y - 3 scrolls of amnesia
 A - a scroll of silence
 M - a scroll of blinking
 P - a scroll of identify
Potions
 a - a potion of resistance
 b - 3 potions of mutation
 i - a potion of haste
 l - 2 potions of ambrosia
 t - 6 potions of curing
 u - a potion of cancellation
 v - 2 potions of invisibility
 C - a potion of lignification
 J - a potion of attraction
 R - a potion of enlightenment {unknown}


   Skills:
 + Level 6.4 Fighting
 + Level 5.8 Short Blades
 + Level 5.8 Long Blades
 + Level 5.8 Axes
 + Level 5.8 Maces & Flails
 + Level 5.8 Polearms
 + Level 5.8 Staves
 + Level 5.8 Ranged Weapons
 + Level 5.8 Throwing
 + Level 7.5 Armour
 + Level 6.4 Dodging
 + Level 6.3 Stealth
 + Level 5.8 Shields
 + Level 5.8 Unarmed Combat
 + Level 5.8 Spellcasting
 + Level 4.8 Conjurations
 + Level 4.8 Hexes
 + Level 4.8 Summonings
 + Level 4.8 Necromancy
 + Level 4.8 Translocations
 + Level 4.8 Transmutations
 + Level 4.8 Fire Magic
 + Level 4.8 Ice Magic
 + Level 4.8 Air Magic
 + Level 4.8 Earth Magic
 + Level 4.8 Poison Magic
 + Level 6.4 Invocations
 + Level 8.9 Evocations
 + Level 4.8 Shapeshifting


You had 20 spell levels left.
You didn't know any spells.
Your spell library contained the following spells:

 Spells                   Type           Power      Damage    Failure   Level
 Magic Dart               Conj           60%        1d6       30%         1
 Searing Ray              Conj           30%        2d5       41%         2
 Fulminant Prism          Conj/Hex       7%         3d6       96%         4
 Alistair's Intoxication  Tmut/Pois      10%        N/A       100%        5
 Borgnjor's Vile Clutch   Necr/Erth      7%         N/A       100%        5
 Eringya's Noxious Bog    Tmut/Pois      7%         4d6       100%        6


Dungeon Overview and Level Annotations

Branches:
Dungeon (9/15)             Temple (1/1) D:5            Lair (0/5) D:8
  Sewer (visited)
    Orc: D:9-12

Altars:
Ashenzari
Cheibriados
Dithmenos
Elyvilon
Fedhas
Gozag
Hepliaklqana
Makhleb
Nemelex Xobeh
Okawaru
Qazlal
Ru
Sif Muna
Trog
Uskayaw
Vehumet
Wu Jian
Xom
Yredelemnul
Zin
The Shining One

Annotations:
D:7 1 runed translucent door, pigah's ghost, novice OpSh
D:9 Grum


Innate Abilities, Weirdness & Mutations

You have very sharp teeth.
Your uncanny sense of smell can sniff out nearby items.
Your experience applies equally to all skills.


Message History

Grum is moderately wounded.
Grum closely misses you.
You hit Grum but do no damage.
Grum is moderately wounded.
Grum hits you with a +1 spear.
You closely miss Grum. Your bite misses Grum.
Grum is moderately wounded.
Grum hits you with a +1 spear.
You hit Grum but do no damage. You bite Grum, but do no damage.
Grum is moderately wounded.
You block Grum's attack.
You thump Grum!
Grum is heavily wounded.
You block Grum's attack.
You hit Grum but do no damage.
Grum is heavily wounded.
Grum hits you with a +1 spear. Grum hits you with a +1 spear!
You are too injured to fight recklessly!
You are too injured to fight recklessly!
You are too injured to fight recklessly!
You are too injured to fight recklessly!
You are too injured to fight recklessly!
You are too injured to fight recklessly!
You are too injured to fight recklessly!
You hit Grum. You bite Grum, but do no damage.
Grum is severely wounded.
Grum hits you but does no damage.
You barely miss Grum.
Grum is heavily wounded.
Grum hits you with a +1 spear!
* * * LOW HITPOINT WARNING * * *
An acid dragon comes into view.
The acid dragon roars!
You thump Grum! Your bite misses Grum.
Grum is almost dead.
Grum hits you with a +1 spear!
* * * LOW HITPOINT WARNING * * *
The acid dragon spits acid at you. The splash of acid hits you!!
You die...

##.... #......
#.......... .......
............ ....#..
........... .......
..........# D.....>
..........########)......
.........#...##...)......
.........#...##.@))......
....[..........g.........
.........................
.........................
........................<
.........)<(..........>..
.........().........$....
........................
.#.....................


You could see Grum and an acid dragon (catching breath).

Vanquished Creatures
  A two-headed ogre (D:8)
  A deep elf pyromancer (D:7)
  A hornet (D:8)
  A spriggan (D:7)
  Sigmund (D:2)
  2 yaks
  A steam dragon (D:8)
  2 water moccasins (D:8)
  Pargi (Sewer)
  3 black bears
  3 ice beasts
  A sky beast (D:7)
  2 ogres
  3 centaurs
  2 wolves (D:8)
  2 phantoms
  2 kobold brigands
  5 bullfrogs
  7 scorpions
  6 wights
  6 killer bees
  A jelly (D:6)
  A crimson imp (D:3)
  2 lava snakes (D:7)
  2 orc priests
  2 hounds (D:6)
  2 gnoll boudas
  Jessica (D:3)
  Ijyb (D:4)
  A sleepcap (D:6)
  4 iguanas
  4 orc wizards
  Terence (D:3)
  Robin (D:4)
  20 gnolls
  6 adders
  2 shadow imps
  5 worms
  2 dart slugs (D:4)
  28 orcs
  14 bats
  12 endoplasms
  4 giant cockroaches
  15 goblins
  8 hobgoblins
  7 jackals
  21 kobolds
  3 quokkas
  8 ball pythons
  14 frilled lizards
  4 rats (D:1)
249 creatures vanquished.

Vanquished Creatures (collateral kills)
  A killer bee (D:8)
  3 gnolls (D:2)
  A hobgoblin (D:2)
5 creatures vanquished.

Vanquished Creatures (others)
  A black bear (D:8)
  An ogre (D:6)
2 creatures vanquished.

Grand Total: 256 creatures vanquished

Notes
Turn   | Place    | Note
-------+----------+-------------------------------------------
     0 | D:1      | cforsyth the Gnoll Artificer began the quest for the Orb.
     0 | D:1      | Reached XP level 1. HP: 17/17 MP: 1/1
   195 | D:1      | Reached XP level 2. HP: 9/23 MP: 2/2
   204 | D:1      | HP: 1/23 [endoplasm (3)]
   374 | D:1      | HP: 1/23 [frozen (4)]
   570 | D:1      | Reached XP level 3. HP: 28/28 MP: 3/3
   874 | D:1      | Reached skill level 1 in Invocations
  1547 | D:2      | Noticed Sigmund
  1950 | D:2      | Reached skill level 1 in Short Blades
  1950 | D:2      | Reached skill level 1 in Long Blades
  1950 | D:2      | Reached skill level 1 in Axes
  1950 | D:2      | Reached skill level 1 in Maces & Flails
  1950 | D:2      | Reached skill level 1 in Polearms
  1950 | D:2      | Reached skill level 1 in Staves
  1950 | D:2      | Reached skill level 1 in Ranged Weapons
  1950 | D:2      | Reached skill level 1 in Throwing
  1950 | D:2      | Reached skill level 1 in Shields
  1950 | D:2      | Reached skill level 1 in Unarmed Combat
  1950 | D:2      | Reached skill level 1 in Spellcasting
  1955 | D:2      | Reached XP level 4. HP: 26/34 MP: 5/5
  2084 | D:2      | Killed Sigmund
  2085 | D:2      | Reached skill level 1 in Conjurations
  2085 | D:2      | Reached skill level 1 in Hexes
  2085 | D:2      | Reached skill level 1 in Summonings
  2085 | D:2      | Reached skill level 1 in Necromancy
  2085 | D:2      | Reached skill level 1 in Translocations
  2085 | D:2      | Reached skill level 1 in Transmutations
  2085 | D:2      | Reached skill level 1 in Fire Magic
  2085 | D:2      | Reached skill level 1 in Ice Magic
  2085 | D:2      | Reached skill level 1 in Air Magic
  2085 | D:2      | Reached skill level 1 in Earth Magic
  2085 | D:2      | Reached skill level 1 in Poison Magic
  2085 | D:2      | Reached skill level 1 in Shapeshifting
  2085 | D:2      | Reached XP level 5. HP: 40/41 MP: 5/7
  2085 | D:2      | Reached XP level 6. HP: 46/47 MP: 5/8
  2689 | D:2      | Reached skill level 5 in Armour
  2953 | D:2      | Found a faded altar of an unknown god.
  3171 | D:3      | Noticed Terence
  3186 | D:3      | Killed Terence
  3331 | D:3      | Found Ycvazise's Jewellery Boutique.
  3477 | D:3      | Found a radiant altar of Vehumet.
  3477 | D:3      | Found a burning altar of Makhleb.
  4559 | D:3      | Noticed Jessica
  4571 | D:3      | Killed Jessica
  4572 | D:3      | Reached XP level 7. HP: 45/52 MP: 10/10
  4700 | D:3      | Found an ornate altar of the Wu Jian Council.
  4943 | D:4      | Found a glowing drain.
  4948 | D:4      | Noticed Ijyb
  4953 | Sewer    | Entered a sewer
  4961 | Sewer    | Reached skill level 7 in Evocations
  5052 | Sewer    | Noticed Pargi
  5067 | Sewer    | Killed Pargi
  5154 | D:4      | Killed Ijyb
  5288 | D:4      | Noticed Robin
  5455 | D:4      | Killed Robin
  5645 | D:4      | Found a blossoming altar of Fedhas.
  6062 | D:5      | Entered Level 5 of the Dungeon
  6226 | D:5      | Reached XP level 8. HP: 55/60 MP: 12/12
  6452 | D:5      | Found an iron altar of Okawaru.
  6824 | D:5      | Found a staircase to the Ecumenical Temple.
  6833 | Temple   | Entered the Ecumenical Temple
  7887 | D:6      | Reached XP level 9. HP: 44/66 MP: 14/14
  8088 | D:6      | Found a shadowy altar of Dithmenos.
  8250 | D:6      | Found a bloodstained altar of Trog.
  8327 | D:6      | Found a glowing golden altar of the Shining One.
  8336 | D:6      | Found a shimmering altar of Xom.
  8356 | D:6      | Found a white marble altar of Elyvilon.
  8912 | D:7      | Found a runed translucent door.
  8913 | D:7      | Reached skill level 5 in Fighting
  8913 | D:7      | Reached skill level 5 in Dodging
  8921 | D:7      | Noticed pigah's ghost (novice OpSh)
  9251 | D:6      | Reached skill level 5 in Stealth
  9552 | D:7      | Reached skill level 8 in Evocations
  9744 | D:7      | Reached skill level 5 in Invocations
  9965 | D:7      | Noticed a deep elf pyromancer
 10034 | D:7      | Killed a deep elf pyromancer
 10035 | D:7      | Reached XP level 10. HP: 45/75 MP: 17/17
 10042 | D:7      | Reached skill level 5 in Short Blades
 10042 | D:7      | Reached skill level 5 in Long Blades
 10042 | D:7      | Reached skill level 5 in Axes
 10042 | D:7      | Reached skill level 5 in Maces & Flails
 10042 | D:7      | Reached skill level 5 in Polearms
 10042 | D:7      | Reached skill level 5 in Staves
 10042 | D:7      | Reached skill level 5 in Ranged Weapons
 10042 | D:7      | Reached skill level 5 in Throwing
 10042 | D:7      | Reached skill level 5 in Shields
 10042 | D:7      | Reached skill level 5 in Unarmed Combat
 10042 | D:7      | Reached skill level 5 in Spellcasting
 10434 | D:8      | Found an opulent altar of Gozag.
 10434 | D:8      | Found an opulent altar of Gozag.
 10458 | D:8      | Noticed a two-headed ogre
 10465 | D:8      | Killed a two-headed ogre
 10812 | D:8      | Found a hazy altar of Hepliaklqana.
 10869 | D:8      | Found an opulent altar of Gozag.
 10889 | D:8      | Paralysed by a hornet for 1 turns
 10935 | D:8      | Became a worshipper of Hepliaklqana the Forgotten
 11479 | D:8      | Found a staircase to the Lair.
 11953 | D:8      | Found an opulent altar of Gozag.
 12700 | D:9      | Noticed Grum
 12820 | D:9      | Killed from afar by an acid dragon

Illustrated notes

Levels and vault maps discovered:
D:1:      eino_arrival_cavern_b, layout_basic
D:2:      layout_basic, shapermc_ecumenical_altar_mp_vishouse, uniq_sigmund
D:3:      layout_loops_corners, grunt_temple_overflow_lords_of_destruction,
          pdpol_wu_jian_five_deadly_venoms, serial_shops, shop, serial_glass,
          glass_columns_a, glass_columns_a, glass_columns_c, glass_columns_a,
          glass_columns_a, glass_columns_a, glass_columns_a, glass_columns_b,
          minmay_lizard_king, uniq_terence, uniq_jessica
D:4:      layout_rooms, fedhas_altar_fruit_tree, cheibrodos_sewer_entry_drain,
          uniq_ijyb, uniq_robin
D:5:      layout_cave_pods, lemuel_crystal_altar,
          minmay_temple_entry_butterflies
D:6:      layout_layer_cave, nicolae_overflow_quartered_altars,
          general_overflow_altar, minmay_fractal_squares_diagonal_5
D:7:      kennysheep_big_flooded_room, layout_basic,
          hellmonk_ghost_happy_afterlife, the_hattery
D:8:      layout_basic, nicolae_hepliaklqana_hippocampus,
          nicolae_gozag_conspicuous_consumption, due_lair_maze_entry_diamond,
          minmay_misc_feat_encased, dk_vineyard_3
D:9:      layout_cross, uniq_grum
Temple:   grunt_temple_mini_profane

Skill      XL: |  1  2  3  4  5  6  7  8  9 10 |
---------------+-------------------------------+-----
Invocations    | 1 2 3 4 5 6 |  6.4
Short Blades   | 1 2 3 4 5 |  5.8
Long Blades    | 1 2 3 4 5 |  5.8
Axes           | 1 2 3 4 5 |  5.8
Maces & Flails | 1 2 3 4 5 |  5.8
Polearms       | 1 2 3 4 5 |  5.8
Staves         | 1 2 3 4 5 |  5.8
Ranged Weapons | 1 2 3 4 5 |  5.8
Throwing       | 1 2 3 4 5 |  5.8
Shields        | 1 2 3 4 5 |  5.8
Unarmed Combat | 1 2 3 4 5 |  5.8
Spellcasting   | 1 2 3 4 5 |  5.8
Fighting       | 3 4 5 6 |  6.4
Dodging        | 3 4 5 6 |  6.4
Stealth        | 3 4 5 6 |  6.3
Conjurations   | 1 2 3 4 |  4.8
Hexes          | 1 2 3 4 |  4.8
Summonings     | 1 2 3 4 |  4.8
Necromancy     | 1 2 3 4 |  4.8
Translocations | 1 2 3 4 |  4.8
Transmutations | 1 2 3 4 |  4.8
Fire Magic     | 1 2 3 4 |  4.8
Ice Magic      | 1 2 3 4 |  4.8
Air Magic      | 1 2 3 4 |  4.8
Earth Magic    | 1 2 3 4 |  4.8
Poison Magic   | 1 2 3 4 |  4.8
Shapeshifting  | 1 2 3 4 |  4.8
Armour         | 5 6 7 |  7.5
Evocations     | 7 8 |  8.9

Action                     |  1- 3 |  4- 6 |  7- 9 | 10-12 || total
---------------------------+-------+-------+-------+-------++-------
  Melee: Club              |   193 |    89 |       |       ||   282
         Bite              |    27 |    22 |    62 |    37 ||   148
         Punch             |     1 |     4 |    11 |     9 ||    25
         Flail             |       |   152 |   373 |    10 ||   535
         Mace              |       |       |    81 |   242 ||   323
  Evoke: Wand              |     4 |    13 |    20 |     5 ||    42
    Use: Scroll            |       |       |    14 |     2 ||    16
         Potion            |       |       |     1 |     2 ||     3
   Stab: Sleeping          |     2 |     5 |     1 |       ||     8
 Armour: Leather armour    |    64 |    64 |    52 |       ||   180
         Chain mail        |       |       |   249 |   171 ||   420
  Dodge: Dodged            |   158 |   237 |   274 |   130 ||   799
  Block: Other             |    61 |   101 |   139 |    77 ||   378
         Reflection        |       |     1 |     7 |       ||     8

Table legend: (Time is in decaauts)
 A = Elapsed time spent in this place.
 B = Non-inter-level travel time spent in this place.
 C = Inter-level travel time spent in this place.
 D = Time resting spent in this place.
 E = Time spent auto-exploring this place.
 F = Levels seen in this place.
 G = Mean time per level.
                   A        B        C        D        E       F      G
               +--------+--------+--------+--------+--------+-----+--------+
         Total |  13100 |  12601 |    499 |   1546 |   8078 |  11 | 1190.9 |
       Dungeon |  12896 |  12397 |    499 |   1546 |   7988 |   9 | 1432.9 |
        Temple |      1 |      1 |      0 |      0 |      0 |   1 |    1.0 |
         Sewer |    202 |    202 |      0 |      0 |     90 |   1 |  202.0 |
               +--------+--------+--------+--------+--------+-----+--------+

Top non-repeatable levels by time:
     D:8: 2314 daAuts
     D:1: 2211 daAuts
     D:3: 1794 daAuts
     D:5: 1516 daAuts
     D:7: 1496 daAuts
     D:6: 1414 daAuts
     D:2: 1169 daAuts
     D:4: 873 daAuts
   Sewer: 202 daAuts
     D:9: 106 daAuts
  Temple: 1 daAuts
